 Dungeon Crawl Stone Soup version 0.24-a0-586-g8e0e932 (webtiles) character file.

Game seed: 18115197643198949179, levelgen mode: deterministic

14 Gashadokuro the Skirmisher (level 2, 0/24 HPs)
             Began as a Demonspawn Berserker on Sept 7, 2019.
             Was a Follower of Trog.
             Succumbed to an adder's poison
             ... on level 2 of the Dungeon.
             The game lasted 00:01:19 (287 turns).

Gashadokuro the Skirmisher (Demonspawn Berserker)    Turns: 287, Time: 00:01:19

Health: 0/24       AC:  6    Str: 17    XL:     2   Next: 31%
Magic:  2/2        EV:  9    Int:  8    God:    Trog [*.....]
Gold:   26         SH:  3    Dex: 12    Spells: 1/1 levels left

rFire    . . .     SeeInvis .   a - +0 spear
rCold    . . .     Gourm    .   k - +0 buckler
rNeg     . . .     Faith    .   l - +0 scale mail (curse)
rPois    .         Spirit   .   (helmet restricted)
rElec    .         Reflect  .   (no cloak)
rCorr    .         Harm     .   (no gloves)
MR       .....                  (no boots)
Stlth    ..........             (no amulet)
HPRegen  0.08/turn              (no ring)
MPRegen  0.08/turn              (no ring)

@: lethally poisoned (0 -> -7)
A: horns 1
a: Berserk, Renounce Religion


You were on level 2 of the Dungeon.
You worshipped Trog.
Trog was aware of your devotion.
You were not hungry.

You visited 1 branch of the dungeon, and saw 2 of its levels.

You collected 26 gold pieces.

Inventory:

Hand Weapons
 a - a +0 spear (weapon)
 e - a +0 club
 f - a +0 short sword
 m - a +0 club
Missiles
 n - 12 stones (quivered)
Armour
 b - a +0 animal skin
 i - a +0 ring mail
 j - a +0 robe
 k - a +0 buckler (worn)
 l - a cursed +0 scale mail (worn)
Scrolls
 d - 3 scrolls of identify {unknown}
Potions
 h - a potion of heal wounds {unknown}
Comestibles
 c - 4 rations
 g - 2 chunks of flesh


   Skills:
 + Level 3.3 Fighting
 + Level 3.0 Polearms
 + Level 1.9 Armour
 + Level 1.9 Dodging


You had one spell level left.
You didn't know any spells.
Your spell library was empty.

Dungeon Overview and Level Annotations

Branches:
Dungeon (2/15)

Altars:


Innate Abilities, Weirdness & Mutations

You have a pair of small horns on your head.


Message History

You hit the adder but do no damage.
The adder is severely wounded.
The adder bites you.
* * * LOW HITPOINT WARNING * * *
You are more poisoned.
The adder poisons you!
You closely miss the adder.
The adder is severely wounded.
* * * LOW HITPOINT WARNING * * *
You feel sick. The adder bites you.
* * * LOW HITPOINT WARNING * * *
The adder barely misses you.
You hit the adder.
You kill the adder!
Trog accepts your kill.
Your Polearms skill increases to level 3!
You have reached level 2!
Your demonic ancestry asserts itself...
A pair of horns grows on your head!
You die...

......#.##....## ##.#
...............#### #..#
..................###.##
......###...............
..............#.......##
.?..............##......
####............###...##
.......†...##...###...#
#####..@..###....##...#
#...=..# #.#...#...#
#...##### #.##......##
.....# #.####......
....# #.. ######. ....
... . ... .. ..


There were no monsters in sight!

Vanquished Creatures
  An adder (D:2)
  3 goblins
  A hobgoblin (D:1)
5 creatures vanquished.

Notes
Turn   | Place    | Note
-------+----------+-------------------------------------------
     0 | D:1      | Gashadokuro the Demonspawn Berserker began the quest for
                  | the Orb.
     0 | D:1      | Reached XP level 1. HP: 18/18 MP: 1/1
   287 | D:2      | Gained mutation: You have a pair of small horns on your
                  | head. [demonic ancestry]
   287 | D:2      | Reached XP level 2. HP: 1/24 MP: 2/2
   287 | D:2      | Succumbed to an adder's poison

Levels and vault maps discovered:
D:1:      matt_arrival_grand_opening, layout_loops_ring, nrook_mini_vaults,
          lexackson_kobold_supper
D:2:      layout_rooms, minmay_vboxes

Skill      XL: |  1 |
---------------+----+-----
Polearms       | 3 |  3.0
Fighting       | |  3.3
Armour         | |  1.9
Dodging        | |  1.9

Action                   || total
-------------------------++-------
Melee: Spear             ||    19
Armor: Scale mail        ||     6
Dodge: Dodged            ||     5
Block: Buckler           ||     2

Table legend:
 A = Non-vault XP
 B = Vault XP
 C = Vault XP percentage of total XP
 D = Non-vault monster count
 E = Vault monster count
 F = Vault count percentage of total count
                 A         B        C        D         E       F
            +---------+---------+-------+---------+---------+-------
      Total |      21 |       0 |   0.0 |       5 |       0 |   0.0
            +---------+---------+-------+---------+---------+-------
        D:1 |       6 |       0 |   0.0 |       3 |       0 |   0.0
        D:2 |      15 |       0 |   0.0 |       2 |       0 |   0.0
            +---------+---------+-------+---------+---------+-------
